 Dungeon Crawl Stone Soup version 0.31-a0-355-g57cb03d3e8 (webtiles) character file.

Game seed: 17275812603538774238

202 hashsling the Gusty (level 5, -3/28 HPs)
             Began as a Tengu Air Elementalist on July 24, 2023.
             Succumbed to Edmund's poison
             ... on level 4 of the Dungeon.
             The game lasted 00:15:36 (3436 turns).

hashsling the Gusty (Tengu Air Elementalist)        Turns: 3436, Time: 00:15:40

Health: -3/28      AC:  2    Str:  9    XL:     5   Next: 80%
Magic:  2/10       EV: 15    Int: 17    God:
Gold:   207        SH:  0    Dex: 14    Spells: 3/9 levels left

rFire   . . .        q - staff of air
rCold   . . .        (no shield)
rNeg    . . .        a - +0 robe
rPois   .            (helmet restricted)
rElec   +            (no cloak)
rCorr   .            (no gloves)
SInv    .            (boots unavailable)
Will    .....        (no amulet)
Stlth   ++           (no ring)
HPRegen 0.24/turn    (no ring)
MPRegen 0.12/turn

%: no passive effects
@: lethally poisoned (-3 -> -25), swift, flying quickly and evasively, very
quick
A: beak, talons 3, nimble flight
a: no special abilities


You were on level 4 of the Dungeon.
You visited 1 branch of the dungeon, and saw 4 of its levels.

You collected 207 gold pieces.

Inventory:

Armour
 a - a +0 robe (worn)
Magical Staves
 q - a staff of air (weapon)
Wands
 m - a wand of paralysis (8) (quivered)
 p - a wand of mindburst (9)
Scrolls
 f - 2 scrolls of identify {unknown}
 g - a scroll of teleportation {unknown}
 j - a scroll of fog {unknown}
 k - 3 scrolls of butterflies {unknown}
 l - a scroll of blinking {unknown}
 n - a scroll of amnesia {unknown}
Potions
 b - a potion of magic
 c - a potion of resistance {unknown}
 d - 2 potions of enlightenment {unknown}
 e - 2 potions of invisibility {unknown}
 h - a potion of haste {unknown}
 i - a potion of mutation {unknown}
 o - a potion of attraction {unknown}


   Skills:
 + Level 3.4 Dodging
 - Level 2.0 Stealth
 + Level 2.9 Spellcasting
 + Level 3.5 Conjurations
 * Level 6.0 Air Magic


You had 3 spell levels left.
You knew the following spells:

 Your Spells              Type           Power      Damage    Failure   Level
a - Shock                 Conj/Air       100%       1d9       2%          1
b - Static Discharge      Conj/Air       56%        2-5/arc   3%          2
c - Swiftness             Air            34%        N/A       4%          3

Your spell library contained the following spells:

 Spells                   Type           Power      Damage    Failure   Level
 Magic Dart               Conj           56%        1d5       4%          1
 Mephitic Cloud           Conj/Pois/Air  20%        N/A       14%         3
 Vhi's Electric Charge    Tloc/Air       38%        N/A       16%         3
 Call Imp                 Summ           4%         N/A       26%         2
 Airstrike                Air            17%        2d(3-19)  14%         4
 Arcjolt                  Conj/Air       14%        1d24      56%         5
 Plasma Beam              Fire/Air       9%         2x1d20    100%        6


Dungeon Overview and Level Annotations

Branches:
Dungeon (4/15)
 Temple: D:4-7

Altars:
Elyvilon
Yredelemnul

Annotations:
D:4 Edmund


Innate Abilities, Weirdness & Mutations

You have a beak for a mouth.
You have claws for feet.
Your magical nature lets you fly swiftly and evasively.


Message History

You feel a surge of power!
The zap hits the kobold.
You kill the kobold!
Edmund the Younger comes into view.
He is wielding a +2 flail of venom.
You feel a surge of power!
The zap hits Edmund!
Edmund is lightly wounded.
Edmund shouts!
Casting: Shock (safe; 2% risk of failure)
Confirm with . or Enter, or press ? or * to list all spells.
You feel a surge of power!
You feel quick.
Casting: Swiftness (dangerous; 4% risk of failure)
Confirm with . or Enter, or press ? or * to list all spells.
You feel a surge of power!
Edmund is struck by an arc of lightning.
Edmund is moderately wounded.
You resist.
You are struck by an arc of lightning.
Edmund is struck by an arc of lightning.
Edmund is moderately wounded.
The lightning grounds out.
Edmund closely misses you.
Casting: Static Discharge (safe; 3% risk of failure)
Confirm with . or Enter, or press ? or * to list all spells.
You feel a surge of power!
Edmund is struck by an arc of lightning.
Edmund is moderately wounded.
You resist.
You are struck by an arc of lightning.
Edmund is struck by an arc of lightning.
Edmund is heavily wounded.
You resist.
You are struck by an arc of lightning.
The lightning grounds out.
Edmund hits you with a +2 flail of venom!
You are poisoned.
You feel very sick.
Edmund hits you with a +2 flail of venom!
* * * LOW HITPOINT WARNING * * *
You are more poisoned.
* * * LOW HITPOINT WARNING * * *
You feel very sick.
Aiming: Paralyse
Press: ? - help, Q - select action, (/) - cycle Shift-Dir - straight line, f/p - Edmund
Aim: Edmund, wielding a +2 flail of venom and wearing a +0 leather armour (heavily wounded, chance to affect: 49%) Edmund suddenly stops moving!
You die...

.. #.###....#....##
#.###[##..........#
#..##...........###
#..##..........#..+
##..........^#...##
######..####.....###..##
...)....##
##..###.....##
.........# ##...........
......##@##
#...####...#. .#...#
##@#......# #..##. ##..
#........##.####. #..#
##.........# ##
..###.####. ....####..
## #.......... .....#
#..# ###. ###...... ..#
##.....# ##...##...
........# #.###.......
#.......## .. #...#
##........#..##...#..##


You could see Edmund (paralysed).

Vanquished Creatures
  A sleepcap (D:2)
  An iguana (D:4)
  Ijyb (D:3)
  3 gnolls (D:3)
  3 adders
  A worm (D:3)
  3 dart slugs
  6 ball pythons
  3 bats
  4 endoplasms
  4 giant cockroaches
  7 goblins
  6 hobgoblins
  4 jackals (D:2)
  2 quokkas
  5 frilled lizards
  3 kobolds
  4 rats
61 creatures vanquished.

Notes
Turn   | Place    | Note
-------+----------+-------------------------------------------
     0 | D:1      | hashsling the Tengu Air Elementalist began the quest for
                  | the Orb.
     0 | D:1      | Reached XP level 1. HP: 10/10 MP: 4/4
   278 | D:1      | Reached XP level 2. HP: 9/15 MP: 0/6
   343 | D:1      | Learned a level 2 spell: Static Discharge
  1127 | D:2      | Found a faded altar of an unknown god.
  1145 | D:2      | Reached XP level 3. HP: 19/19 MP: 4/7
  1156 | D:2      | Learned a level 3 spell: Swiftness
  1884 | D:2      | Reached skill level 5 in Air Magic
  1884 | D:2      | Reached XP level 4. HP: 3/24 MP: 0/8
  2207 | D:3      | Found a white marble altar of Elyvilon.
  2296 | D:3      | Found a basalt altar of Yredelemnul.
  2352 | D:3      | Noticed Ijyb
  2363 | D:3      | Killed Ijyb
  2364 | D:3      | Gained mutation: Your magical nature lets you fly swiftly
                  | and evasively. [Tengu growth]
  2364 | D:3      | Reached XP level 5. HP: 13/28 MP: 0/9
  3206 | D:4      | Reached skill level 6 in Air Magic
  3429 | D:4      | Noticed Edmund
  3436 | D:4      | Succumbed to Edmund's poison

Illustrated notes

Levels and vault maps discovered:
D:1:      dpeg_arrival_ternary, layout_basic, chequers_serial_rivers_micro_a,
          columned_hall_lemuel, ebering_dispersal_statue_hall
D:2:      layout_basic, hellmonk_ecumenical_altar_crossroads
D:3:      layout_loops_cross, elyvilon_altar_4, lemuel_coloured_pillars_altar,
          uniq_ijyb
D:4:      layout_layer_cave, minmay_temple_entry_fiery, chequers_arboretum,
          uniq_edmund

Skill      XL: |  1  2  3  4  5 |
---------------+----------------+-----
Conjurations   | 2 3 |  3.5
Air Magic      | 5 6 |  6.0
Dodging        | 3 |  3.4
Stealth        | |  2.0
Spellcasting   | |  2.9

Action                     |  1- 3 |  4- 6 || total
---------------------------+-------+-------++-------
  Melee: Unarmed           |     5 |       ||     5
         Kick              |     1 |       ||     1
         Short sword       |     3 |     2 ||     5
         Peck              |     1 |       ||     1
   Cast: Shock             |    79 |    50 ||   129
         Static Discharge  |     4 |     7 ||    11
         Swiftness         |       |     2 ||     2
  Evoke: Wand              |       |     1 ||     1
 Armour: Robe              |     1 |       ||     1
  Dodge: Dodged            |     8 |     4 ||    12

Table legend: (Time is in decaauts)
 A = Elapsed time spent in this place.
 B = Non-inter-level travel time spent in this place.
 C = Inter-level travel time spent in this place.
 D = Time resting spent in this place.
 E = Time spent auto-exploring this place.
 F = Levels seen in this place.
 G = Mean time per level.
                   A        B        C        D        E       F      G
               +--------+--------+--------+--------+--------+-----+--------+
         Total |   3377 |   3263 |    114 |      0 |   2786 |   4 |  844.2 |
       Dungeon |   3377 |   3263 |    114 |      0 |   2786 |   4 |  844.2 |
               +--------+--------+--------+--------+--------+-----+--------+

Top non-repeatable levels by time:
     D:2: 1158 daAuts
     D:1: 1110 daAuts
     D:3: 860 daAuts
     D:4: 247 daAuts
